 Dungeon Crawl Stone Soup version 0.30.1-9-gdf580d7c3d (webtiles) character file.

Game seed: 17108532310866275939

17145 safid the Frost Mage (level 12, -6/103 HPs)
             Began as a Merfolk Ice Elementalist on Oct 3, 2023.
             Was an Elder of Vehumet.
             Mangled by an elephant (7 damage)
             ... on level 2 of the Lair of Beasts.
             The game lasted 00:35:18 (15625 turns).

safid the Frost Mage (Merfolk Ice Elementalist)    Turns: 15625, Time: 00:35:19

Health: -6/103     AC: 19    Str:  9    XL:     12   Next: 44%
Magic:  24/26      EV: 13    Int: 18    God:    Vehumet [****..]
Gold:   564        SH:  0    Dex: 19    Spells: 25/32 levels left

rFire   + . .        H - +0 demon whip (venom)
rCold   + . .        (no shield)
rNeg    . . .        o - +2 robe {rF+}
rPois   .            (no helmet)
rElec   .            r - +0 cloak
rCorr   .            u - +0 pair of gloves
SInv    .            (no boots)
Will    .....        (no amulet)
Stlth   ++           C - +4 ring of protection
HPRegen 0.37/turn    w - ring "Arghutiat" {rC+ Dex+4}
MPRegen 0.20/turn

%: no passive effects
@: mighty, ice-armoured, freezing walls, invisible
A: (nimble swimmer 2), mertail
a: Renounce Religion


You were on level 2 of the Lair of Beasts.
You worshipped Vehumet.
Vehumet was greatly pleased with you.
You visited 3 branches of the dungeon, and saw 13 of its levels.
You also visited: Bailey.

You collected 977 gold pieces.
You spent 413 gold pieces at shops.

Inventory:

Hand Weapons
 e - a +2 dagger of electrocution
 D - the +2 short sword "Jido" {venom, Dex+3 Stlth+}
   (You found it on level 7 of the Dungeon)

   Dex:       It affects your dexterity (+3).
   Stlth:     It makes you more stealthy.
 H - a +0 demon whip of venom (weapon)
 M - the +7 staff of the Meek {protect, meekguard}
   (You found it on level 2 of the Lair of Beasts)
Armour
 o - a +2 robe of fire resistance (worn)
 r - a +0 cloak (worn)
 u - a +0 pair of gloves (worn)
Jewellery
 t - a ring of see invisible
 w - the ring "Arghutiat" (right hand) {rC+ Dex+4}
   (You found it on level 4 of the Dungeon)

   [ring of protection from cold]

   Dex:       It affects your dexterity (+4).
   rC:        It protects you from cold.
 C - a +4 ring of protection (left hand)
Wands
 m - a wand of roots (10)
 B - a wand of mindburst (12)
 F - a wand of flame (15)
 K - a wand of polymorph (2)
 L - a wand of paralysis (4)
Scrolls
 f - a scroll of silence
 k - 5 scrolls of teleportation
 n - 4 scrolls of fear (quivered)
 q - 2 scrolls of enchant armour {unknown}
 s - 2 scrolls of fog
 v - a scroll of enchant weapon
 y - a scroll of brand weapon {unknown}
 A - a scroll of immolation {unknown}
 E - a scroll of torment {unknown}
 I - 3 scrolls of amnesia
Potions
 a - 3 potions of attraction {unknown}
 b - 4 potions of magic
 d - 5 potions of brilliance
 g - 2 potions of cancellation
 h - 2 potions of invisibility
 i - 2 potions of resistance {unknown}
 j - 2 potions of flight {unknown}
 l - a potion of might
 p - 6 potions of haste
 x - 3 potions of ambrosia
 z - 3 potions of lignification
 G - a potion of mutation {unknown}
 J - a potion of curing


   Skills:
 + Level 12.6 Fighting
 - Level 2.6 Dodging
 - Level 2.1 Stealth
 + Level 10.9 Spellcasting
 + Level 13.4 Ice Magic


You had 25 spell levels left.
You knew the following spells:

 Your Spells              Type           Power      Damage    Failure   Level
a - Freeze                Ice            100%       1d10      1%          1
b - Frozen Ramparts       Ice            100%       1d16      1%          3
c - Ozocubu's Armour      Ice            55%        N/A       1%          3

Your spell library contained the following spells:

 Spells                   Type           Power      Damage    Failure   Level
 Lee's Rapid Deconstruct  Erth           4%         3d5*      45%         5
 Foxfire                  Conj/Fire      36%        2x1d5     2%          1
 Magic Dart               Conj           36%        1d4       2%          1
 Searing Ray              Conj           18%        2d5       3%          2
 Summon Ice Beast         Ice/Summ       34%        N/A       4%          4
 Dazzling Flash           Conj/Hex       18%        N/A       6%          3
 Ignite Poison            Fire/Tmut/Pois 9%         N/A       6%          3
 Volatile Blastmotes      Fire/Tloc      18%        2d11      6%          3
 Beastly Appendage        Tmut           18%        N/A       8%          1
 Lesser Beckoning         Tloc           18%        N/A       11%         2
 Wereblood                Tmut           9%         N/A       11%         2
 Iskenderun's Mystic Bla  Conj/Tloc      9%         2d4       19%         4
 Sticky Flame             Conj/Fire      9%         2d3       19%         4
 Call Canine Familiar     Summ           9%         N/A       22%         3
 Gell's Gravitas          Tloc           9%         N/A       22%         3
 Portal Projectile        Hex/Tloc       18%        N/A       22%         3
 Spider Form              Tmut/Pois      9%         N/A       22%         3
 Teleport Other           Tloc           9%         N/A       22%         3
 Fireball                 Conj/Fire      4%         3d4       45%         5
 Iskenderun's Battlesphe  Conj           9%         2d6       45%         5
 Leda's Liquefaction      Hex/Erth       4%         N/A       58%         4
 Iron Shot                Conj/Erth      4%         9d2       93%         6
 Plasma Beam              Fire/Air       4%         2x1d16    93%         6
 Starburst                Conj/Fire      4%         6d4       93%         6
 Spellforged Servitor     Conj/Summ      4%         N/A       100%        7
 Ignition                 Fire           4%         3d4       100%        8


Dungeon Overview and Level Annotations

Branches:
Dungeon (10/15)            Temple (1/1) D:6            Lair (2/5) D:8
    Orc (0/2) D:9          Bailey (visited)
  Swamp: Lair:2-3    Shoals: Lair:2-3     Snake: Lair:2-3    Spider: Lair:2-3

Altars:
Ashenzari
Cheibriados
Dithmenos
Elyvilon
Fedhas
Gozag
Hepliaklqana
Kikubaaqudgha
Makhleb
Nemelex Xobeh
Okawaru
Qazlal
Ru
Sif Muna
Trog
Uskayaw
Vehumet
Wu Jian
Xom
Yredelemnul
Zin
The Shining One

Shops:
D:4 !   D:7 *   D:9 :   D:10 *

Annotations:
D:9 exclusion: 3 centaurs, Erolcha, Joseph


Innate Abilities, Weirdness & Mutations

((You are very nimble when in or above water. (Stealth+, EV+, Speed+++)))
Your lower body shifts to a powerful aquatic tail in water.


Message History

The elephant tramples you.
You hold your ground!
The elephant trunk-slaps you but does no damage.
Unknown command.
Unknown command.
You whack the elephant!
The elephant is moderately wounded.
The wall freezes the elephant!
The elephant tramples you.
You hold your ground!
The elephant barely misses you.
The wall freezes the elephant but does no damage.
The elephant closely misses you. The elephant misses you.
Unknown command.
You whack the elephant!
The elephant is poisoned.
The elephant is heavily wounded.
The wall freezes the elephant.
The elephant barely misses you. The elephant closely misses you.
The wall freezes the elephant!
The elephant tramples you!
* * * LOW HITPOINT WARNING * * *
You hold your ground!
The elephant trunk-slaps you but does no damage.
You whack the elephant!
The elephant looks as sick as possible!
The elephant is severely wounded.
The wall freezes the elephant!
The elephant tramples you!
* * * LOW HITPOINT WARNING * * *
You hold your ground!
The elephant trunk-slaps you but does no damage.
The wall freezes the elephant but does no damage.
The elephant tramples you.
* * * LOW HITPOINT WARNING * * *
You hold your ground!
The elephant closely misses you.
Unknown command.
Unknown command.
You fade into invisibility!
The wall freezes the elephant.
The elephant tramples you but does no damage.
The elephant barely misses you.
The wall freezes the elephant!
You catch the helpless elephant completely off-guard!
You whack the elephant!
The elephant is almost dead.
The wall freezes the elephant.
The elephant tramples you!
You die...

### #.## ##### ### ##
.#.#######...###@#..####
........^.......†Y......
........................
.................Y......
##....###P##.....###....
##P...P#######...# ...#
##....## ....# ..#
##....P# #....# .#
##P...## ##...#


You could see 2 elephants.

Vanquished Creatures
  2 hydras (Lair:2)
  2 two-headed ogres
  Amaemon (D:10)
  A lindwurm (Lair:2)
  5 elephants (Lair:2)
  An orange demon (D:10)
  2 black mambas (Lair:2)
  A gargoyle (Bailey)
  4 cane toads
  Maggie (D:10)
  2 komodo dragons (Lair:2)
  A rime drake (Lair:1)
  Sigmund (D:4)
  2 centaur simulacra (D:10)
  2 wyverns (D:9)
  A wraith (D:10)
  13 yaks
  2 basilisks
  2 steam dragons
  5 water moccasins
  5 orc warriors
  2 ice beasts
  A black bear (D:5)
  2 sky beasts
  An ogre (D:5)
  A centaur (D:7)
  12 wolves
  2 kobold brigands (D:8)
  3 bullfrogs
  A gnoll sergeant (D:8)
  4 scorpions
  5 wights (D:6)
  7 killer bees
  4 howler monkeys
  8 vampire bats (Bailey)
  An electric eel (D:10)
  5 wolf zombies (Bailey)
  5 hounds
  A jelly (D:5)
  5 orc priests
  2 gnoll boudas (D:9)
  Terence (D:3)
  Jessica (D:3)
  Ijyb (D:3)
  An iguana (D:5)
  A sleepcap (D:7)
  12 orc wizards
  11 gnolls
  9 adders
  A shadow imp (D:7)
  3 white imps (D:10)
  An ufetubus (D:6)
  A worm (D:3)
  2 dart slugs
  34 orcs
  3 bats
  9 endoplasms
  3 giant cockroaches
  8 goblins
  3 hobgoblins
  20 kobolds
  2 quokkas
  5 ball pythons
  2 frilled lizards (D:1)
  20 orc zombies (Bailey)
  11 rats
293 creatures vanquished.

Notes
Turn   | Place    | Note
-------+----------+-------------------------------------------
     0 | D:1      | safid the Merfolk Ice Elementalist began the quest for the
                  | Orb.
     0 | D:1      | Reached XP level 1. HP: 13/13 MP: 3/3
   159 | D:1      | Reached XP level 2. HP: 16/20 MP: 0/5
   368 | D:1      | Reached skill level 1 in Fighting
   593 | D:1      | Reached XP level 3. HP: 17/26 MP: 1/6
   598 | D:1      | Learned a level 3 spell: Frozen Ramparts
  1583 | D:2      | You fall into a shaft and drop 1 floor!
  1598 | D:3      | Noticed Ijyb
  1604 | D:3      | Killed Ijyb
  1605 | D:3      | Reached skill level 5 in Ice Magic
  1605 | D:3      | Reached XP level 4. HP: 16/33 MP: 3/8
  1723 | D:3      | Noticed Jessica
  1734 | D:3      | Killed Jessica
  1861 | D:3      | Learned a level 3 spell: Ozocubu's Armour
  2140 | D:3      | Reached XP level 5. HP: 34/40 MP: 9/9
  2283 | D:3      | Found an ancient bone altar of Kikubaaqudgha.
  2283 | D:3      | Found a blossoming altar of Fedhas.
  2417 | D:3      | Noticed Terence
  2425 | D:3      | Killed Terence
  2826 | D:4      | Reached XP level 6. HP: 39/47 MP: 4/11
  3097 | D:4      | Noticed Sigmund
  3109 | D:4      | Killed Sigmund
  3110 | D:4      | Reached skill level 6 in Ice Magic
  3110 | D:4      | Reached XP level 7. HP: 55/55 MP: 11/13
  3362 | D:4      | Found a broken altar of Ashenzari.
  3365 | D:4      | Found a shimmering blue altar of Sif Muna.
  3370 | D:4      | Found an ornate altar of the Wu Jian Council.
  3371 | D:4      | Found a white marble altar of Elyvilon.
  3374 | D:4      | Found a snail-covered altar of Cheibriados.
  3378 | D:4      | Found a bloodstained altar of Trog.
  3382 | D:4      | Found a sacrificial altar of Ru.
  3473 | D:4      | Found Kirus's Distillery.
  3478 | D:4      | Bought a potion of curing for 33 gold pieces
  3478 | D:4      | Bought a potion of heal wounds for 55 gold pieces
  3586 | D:4      | Identified the ring "Arghutiat" {rC+ Dex+4}
  3640 | D:5      | Entered Level 5 of the Dungeon
  3870 | D:5      | Reached skill level 5 in Fighting
  3999 | D:5      | Reached skill level 7 in Ice Magic
  4129 | D:5      | Reached XP level 8. HP: 62/62 MP: 8/15
  4394 | D:5      | Reached skill level 5 in Spellcasting
  4760 | D:4      | Bought 2 potions of haste for 220 gold pieces
  5431 | D:6      | Found a staircase to the Ecumenical Temple.
  5623 | Temple   | Entered the Ecumenical Temple
  5743 | Temple   | Became a worshipper of Vehumet
  6226 | D:7      | Reached skill level 8 in Ice Magic
  6406 | D:7      | Found an opulent altar of Gozag.
  6469 | D:7      | Reached XP level 9. HP: 70/71 MP: 11/18
  6565 | D:7      | Identified the +2 short sword "Jido" {venom, Dex+3 Stlth+}
  6711 | D:7      | Found Wejiato's Assorted Antiques.
  6758 | D:7      | Bought a potion of heal wounds for 105 gold pieces
  7125 | D:7      | Noticed a two-headed ogre
  7135 | D:7      | Killed a two-headed ogre
  7135 | D:7      | Reached * piety under Vehumet
  7135 | D:7      | Offered knowledge of Kiss of Death by Vehumet.
  7136 | D:7      | Reached skill level 9 in Ice Magic
  7809 | D:8      | Found a flagged portal.
  7818 | Bailey   | Entered a bailey
  8138 | Bailey   | Reached XP level 10. HP: 81/82 MP: 16/21
  8207 | Bailey   | Offered knowledge of Scorch by Vehumet.
  8208 | Bailey   | Reached skill level 10 in Ice Magic
  8257 | Bailey   | Reached ** piety under Vehumet
  8501 | Bailey   | Noticed a gargoyle
  8542 | Bailey   | Killed a gargoyle
  8703 | Bailey   | HP: 1/83 [something (16)]
  8808 | Bailey   | Identified the +0 chain mail of the Onion {Will+ Str+2}
  9252 | D:8      | Offered knowledge of Momentum Strike by Vehumet.
  9485 | D:8      | Noticed an elephant
  9580 | D:8      | Found a staircase to the Lair.
 10284 | D:9      | Reached *** piety under Vehumet
 10318 | D:9      | Found a staircase to the Orcish Mines.
 10572 | D:9      | Noticed a two-headed ogre
 10583 | D:9      | Killed a two-headed ogre
 10584 | D:9      | Reached skill level 10 in Fighting
 10817 | D:9      | Found Enosaavi's Book Shoppe.
 10886 | D:9      | Reached skill level 11 in Ice Magic
 10947 | D:9      | Identified the +2 ring mail of the Dancing Gods {rC++}
 10976 | D:9      | Offered knowledge of Dazzling Flash by Vehumet.
 11448 | D:9      | Reached XP level 11. HP: 87/92 MP: 23/23
 11511 | D:9      | Noticed Erolcha
 11761 | D:9      | Noticed Joseph
 11984 | D:10     | Entered Level 10 of the Dungeon
 12088 | D:10     | Found Qemotieh's Neck Hole.
 12289 | D:10     | Noticed Amaemon
 12300 | D:10     | Killed Amaemon
 13039 | D:10     | Reached **** piety under Vehumet
 13177 | D:10     | Noticed Maggie
 13205 | D:10     | Killed Maggie
 13267 | D:10     | Identified the +0 leather armour of New Discoveries {Str+4}
 13390 | Lair:1   | Entered Level 1 of the Lair of Beasts
 13411 | Lair:1   | Reached skill level 12 in Ice Magic
 13441 | Lair:1   | Offered knowledge of Lee's Rapid Deconstruction by Vehumet.
 14342 | Lair:2   | Reached skill level 10 in Spellcasting
 14794 | Lair:2   | Noticed an eight-headed hydra
 14804 | Lair:2   | Killed an eight-headed hydra
 14805 | Lair:2   | Reached XP level 12. HP: 83/102 MP: 20/26
 14879 | Lair:2   | Noticed an eight-headed hydra
 14890 | Lair:2   | Killed an eight-headed hydra
 14891 | Lair:2   | Reached skill level 13 in Ice Magic
 15131 | Lair:2   | Got Naess's Book of Compulsion
 15203 | Lair:2   | Found the +7 staff of the Meek {protect, meekguard}
 15293 | Lair:2   | Noticed a catoblepas
 15296 | Lair:2   | Noticed a skyshark
 15299 | Lair:2   | Noticed a seven-headed hydra
 15623 | Lair:2   | HP: 1/103 [elephant (5)]
 15625 | Lair:2   | Mangled by an elephant

Illustrated notes

Levels and vault maps discovered:
D:1:      lightli_iron_boxes, layout_basic, minmay_hexomino_u4
D:2:      layout_loops_cross, minmay_vboxes
D:3:      layout_loops_ring, grunt_temple_overflow_growth_and_decay, uniq_ijyb,
          uniq_terence, uniq_jessica
D:4:      layout_loops_ring, nicolae_overflow_hallway_of_the_gods, serial_shops,
          shop, uniq_sigmund
D:5:      layout_loops_ring, chequers_serial_rivers_room_a
D:6:      layout_loops_ring, minmay_temple_entry_junction
D:7:      layout_basic, amcnicky_altar_gilded, serial_shops,
          nicolae_shop_tiny_glass, interstate_on_off, minmay_unpleasant_kobolds
D:8:      layout_basic, david_lair_generic, enter_bailey_2
D:9:      layout_gridville, orc_0_dummy, serial_shops, shop,
          chequers_serial_rivers_micro_b, centaur_isle, uniq_joseph,
          uniq_erolcha
D:10:     layout_roguey, serial_ice, serial_ice_e, serial_ice_g, serial_ice_f,
          serial_ice_i, nicolae_shop_sticking_my_neck_out, uniq_amaemon,
          uniq_maggie
Temple:   minmay_temple_bridge_abc
Lair:1:   layout_regular_city, chequers_serial_rivers_room_b
Lair:2:   nzn_winding_woodlands_large [nzn_winding_woodlands_5x5_default,
          nzn_winding_woodlands_5x15_split_checker,
          nzn_winding_woodlands_hourglass,
          nzn_winding_woodlands_center_diamonds,
          nzn_winding_woodlands_15x15_five_gardens,
          nzn_winding_woodlands_center_pierced_h,
          nzn_winding_woodlands_5x5_open_star,
          nzn_winding_woodlands_5x15_lazy_stream,
          nzn_winding_woodlands_5x5_three], layout_long_grid, nzn_random_ring

Skill      XL: |  1  2  3  4  5  6  7  8  9 10 11 12 |
---------------+-------------------------------------+-----
Fighting       | 1 2 3 4 5 6 8 10 12 | 12.6
Ice Magic      | 5 6 7 8 9 11 12 13 | 13.4
Spellcasting   | 3 4 6 7 8 10 | 10.9
Dodging        | |  2.6
Stealth        | |  2.1

Action                     |  1- 3 |  4- 6 |  7- 9 | 10-12 || total
---------------------------+-------+-------+-------+-------++-------
  Melee: Club              |     9 |       |       |       ||     9
         Unarmed           |     2 |       |       |       ||     2
         Dagger            |    57 |    85 |   170 |   117 ||   429
         Punch             |       |     1 |     9 |     6 ||    16
         Short sword       |       |       |    45 |   182 ||   227
         Demon whip        |       |       |       |    74 ||    74
         Tailslap          |       |       |       |     5 ||     5
   Cast: Freeze            |    15 |    16 |     4 |    30 ||    65
         Frozen Ramparts   |     1 |     6 |    37 |    63 ||   107
         Ozocubu's Armour  |       |     2 |    27 |    49 ||    78
  Evoke: Wand              |       |       |       |     3 ||     3
    Use: Potion            |       |     1 |       |    17 ||    18
         Scroll            |       |       |    13 |     4 ||    17
   Stab: Sleeping          |     6 |     1 |     5 |     1 ||    13
         Distracted        |       |       |       |     2 ||     2
         Invisible         |       |       |       |     1 ||     1
 Armour: Robe              |     5 |    33 |   104 |   249 ||   391
         Skin              |       |       |       |     4 ||     4
  Dodge: Dodged            |    43 |    51 |   169 |   368 ||   631
